 Dungeon Crawl Stone Soup version 0.27-a0-789-g6bb3289e1e (webtiles) character file.

Game seed: 16413335813195622766

495753 sahdkjhfkaj the Devastator (level 24, -8/204 HPs)
             Began as a Barachi Fire Elementalist on Mar 26, 2021.
             Was the Champion of Vehumet.
             Mangled by a vampire knight
             ... wielding a +0 great sword
              (14 damage)
             ... while paralysed by a vampire knight
             ... on level 1 of the Depths.
             The game lasted 01:38:10 (78664 turns).

sahdkjhfkaj the Devastator (BaFE)                  Turns: 78664, Time: 01:38:11

Health: -8/204     AC: 14    Str: 19 (20) XL:     24   Next: 81%
Magic:  0/50       EV:  2    Int: 27      God:    Vehumet [******]
Gold:   4674       SH:  0    Dex:  8      Spells: 2/59 levels left

rFire    + + .     SeeInvis .   a - staff of cold
rCold    + + .     Faith    .   b - +3 buckler "Beboch" {Str+5}
rNeg     + . .     Spirit   +   r - +4 moon troll leather armour {Spirit, Regen++ MP+5}
rPois    +         Reflect  +   X - -2 hat of the Alchemist {rElec rPois rF+ rC+ rN+ Will+ rMut rCorr}
rElec    +         Harm     .   f - +1 cloak
rCorr    +         Rampage  .   V - +1 pair of gloves
rMut     +                      (no boots)
Will     +....                  m - amulet of reflection
Stlth    ++++......             p - ring of wizardry
HPRegen  2.44/turn              O - ring of the Traitor {rElec rF+ AC+4 Str+4}
MPRegen  0.32/turn

@: paralysed, weak-willed, can't hop, very slightly contaminated, studying 2
skills, slow
A: +LOS, amphibious, slowness 1, strong legs 2, clumsy 2, deterioration 1
}: 3/15 runes: barnacled, silver, gossamer
a: Hop, Renounce Religion


You were on level 1 of the Depths.
You worshipped Vehumet.
Vehumet was exalted by your worship.
You visited 10 branches of the dungeon, and saw 43 of its levels.
You visited the Abyss 1 time.

You collected 5349 gold pieces.
You spent 675 gold pieces at shops.

Inventory:

Armour
 b - the +3 buckler "Beboch" (worn) {Str+5}
   (You found it on level 1 of the Orcish Mines)

   It affects your strength (+5).
 f - a +1 cloak (worn)
 r - the +4 moon troll leather armour (worn) {Spirit, Regen++ MP+5}
   (You found it on level 6 of the Dungeon)

   It affects your magic capacity (+5).
   It increases your rate of regeneration.
 V - a +1 pair of gloves (worn)
 X - the -2 hat of the Alchemist (worn) {rElec rPois rF+ rC+ rN+ Will+ rMut rCorr}
   (You found it on level 1 of the Shoals)

   It protects you from fire.
   It protects you from cold.
   It insulates you from electricity.
   It protects you from poison.
   It protects you from negative energy.
   It affects your willpower, your defense against some magical effects.
   It provides partial protection from all sources of acid and corrosion.
   It protects you from mutation.
Magical Staves
 a - a staff of cold (weapon)
Jewellery
 m - an amulet of reflection (around neck)
 p - a ring of wizardry (right hand)
 v - a ring of see invisible
 O - the ring of the Traitor (left hand) {rElec rF+ AC+4 Str+4}
   (You took it off an orc high priest on level 3 of the Elven Halls)

   [ring of protection]

   It affects your AC (+4).
   It affects your strength (+4).
   It protects you from fire.
   It insulates you from electricity.
Wands
 t - a wand of flame (32)
 w - a wand of mindburst (11)
 y - a wand of iceblast (18)
 A - a wand of acid (9)
 I - a wand of polymorph (22)
 J - a wand of digging (23)
 N - a wand of paralysis (27)
 Q - a wand of random effects (11)
Scrolls
 g - 6 scrolls of fog
 h - 7 scrolls of amnesia
 i - 6 scrolls of enchant armour
 k - 5 scrolls of magic mapping
 n - a scroll of silence
 q - 13 scrolls of identify
 u - 5 scrolls of vulnerability
 C - 6 scrolls of enchant weapon
 D - 2 scrolls of summoning
 P - 2 scrolls of torment
Potions
 c - 3 potions of attraction
 d - 5 potions of might
 e - 4 potions of berserk rage
 j - a potion of invisibility
 l - 2 potions of resistance
 o - 4 potions of cancellation
 s - 6 potions of lignification
 z - 11 potions of curing
 B - 5 potions of ambrosia
 E - 4 potions of brilliance
 F - 8 potions of mutation
 L - 10 potions of flight
 M - 5 potions of haste
Miscellaneous
 H - a condenser vane
 S - a tin of tremorstones (2/2)
 T - a lightning rod (4/4)


   Skills:
 - Level 20.0 Fighting
 - Level 10.0 Dodging
 - Level 10.0 Stealth
 - Level 5.0 Shields
 - Level 18.0 Spellcasting
 - Level 20.0 Conjurations
 - Level 1.0 Necromancy
 - Level 14.0 Fire Magic
 - Level 19.0 Ice Magic
 + Level 17.9 Air Magic
 - Level 6.0 Evocations


You had 2 spell levels left.
You knew the following spells:

 Your Spells              Type           Power      Damage    Failure   Level
b - Starburst             Conj/Fire      43%        8x6d12    1%          6
d - Blink                 Tloc           N/A        N/A       1%          2
e - Fireball              Conj/Fire      43%        3d17      1%          5
h - Ozocubu's Armour      Ice            100%       N/A       0%          3
q - Chain Lightning       Conj/Air       45%        N/A       1%          8
z - Absolute Zero         Ice            56%        ∞         11%         9
A - Ignition              Fire           39%        3d12      5%          8
O - Ozocubu's Refrigerat  Ice            56%        4d16      1%          7
Q - Orb of Destruction    Conj           46%        9d15      1%          7
Z - Sublimation of Blood  Necr           14%        N/A       1%          2

Your spell library contained the following spells:

 Spells                   Type           Power      Damage    Failure   Level
 Fire Storm               Conj/Fire      43%        8d11      22%         9
 Foxfire                  Conj/Fire      100%       2x1d9     0%          1
 Freeze                   Ice            100%       1d11      0%          1
 Magic Dart               Conj           100%       1d8       0%          1
 Shock                    Conj/Air       100%       1d9       0%          1
 Searing Ray              Conj           100%       3d7       0%          2
 Swiftness                Air            88%        N/A       0%          2
 Animate Skeleton         Necr           58%        N/A       1%          1
 Apportation              Tloc           48%        N/A       1%          1
 Beastly Appendage        Tmut           48%        N/A       1%          1
 Pain                     Necr           100%       1d9       1%          1
 Sandblast                Erth           48%        2d12      1%          1
 Sting                    Tmut/Pois      96%        1d7       1%          1
 Summon Small Mammal      Summ           96%        N/A       1%          1
 Call Imp                 Summ           24%        N/A       1%          2
 Corpse Rot               Necr/Air       N/A        N/A       1%          2
 Ensorcelled Hibernation  Hex/Ice        100%       N/A       1%          2
 Passwall                 Tmut/Erth      20%        N/A       1%          2
 Poisonous Vapours        Pois/Air       100%       N/A       1%          2
 Slow                     Hex            24%        N/A       1%          2
 Wereblood                Tmut           24%        N/A       1%          2
 Conjure Flame            Conj/Fire      86%        6-21      0%          3
 Frozen Ramparts          Ice            100%       1d12      0%          3
 Static Discharge         Conj/Air       91%        N/A       0%          3
 Airstrike                Air            44%        N/A       0%          4
 Hailstorm                Conj/Ice       100%       3d20      0%          4
 Sticky Flame             Conj/Fire      86%        2d10      0%          4
 Iskenderun's Battlesphe  Conj           93%        2d14      0%          5
 Dazzling Flash           Conj/Hex       100%       N/A       1%          3
 Ignite Poison            Fire/Tmut/Pois 49%        N/A       1%          3
 Inner Flame              Hex/Fire       58%        N/A       1%          3
 Mephitic Cloud           Conj/Pois/Air  75%        N/A       1%          3
 Stone Arrow              Conj/Erth      100%       3d13      1%          3
 Vampiric Draining        Necr           14%        2d8       1%          3
 Fulminant Prism          Conj/Hex       33%        3d16      1%          4
 Ice Form                 Ice/Tmut       85%        N/A       1%          4
 Iskenderun's Mystic Bla  Conj/Tloc      67%        2d14      1%          4
 Summon Ice Beast         Ice/Summ       85%        N/A       1%          4
 Summon Lightning Spire   Summ/Air       64%        N/A       1%          4
 Bolt of Magma            Conj/Fire/Erth 35%        4d15      1%          5
 Lightning Bolt           Conj/Air       45%        1d65      1%          5
 Metabolic Englaciation   Hex/Ice        42%        N/A       1%          5
 Silence                  Hex/Air        32%        N/A       1%          5
 Conjure Ball Lightning   Conj/Air       45%        3x3d16    1%          6
 Freezing Cloud           Conj/Ice/Air   56%        6-21      1%          6
 Iron Shot                Conj/Erth      33%        9d7       1%          6
 Confusing Touch          Hex            24%        N/A       2%          3
 Gell's Gravitas          Tloc           12%        N/A       2%          3
 Spider Form              Tmut/Pois      12%        N/A       2%          3
 Olgreb's Toxic Radiance  Pois           24%        N/A       2%          4
 Simulacrum               Ice/Necr       43%        N/A       2%          6
 Spellforged Servitor     Conj/Summ      33%        N/A       3%          7
 Animate Dead             Necr           14%        N/A       6%          4
 Dispel Undead            Necr           29%        3d13      6%          4
 Lee's Rapid Deconstruct  Erth           12%        3d9*      7%          5
 Yara's Violent Unravell  Hex/Tmut       12%        3d7       7%          5
 Animate Armour           Summ/Erth      48%        N/A       9%          4
 Cause Fear               Hex            12%        N/A       9%          4
 Petrify                  Tmut/Erth      24%        N/A       9%          4
 Agony                    Necr           29%        N/A       16%         5
 Excruciating Wounds      Necr           14%        N/A       16%         5
 Tornado                  Air            44%        N/A       16%         9
 Borgnjor's Vile Clutch   Necr/Erth      13%        N/A       21%         5
 Blade Hands              Tmut           12%        N/A       24%         5
 Summon Forest            Summ/Tloc      12%        N/A       24%         5
 Summon Mana Viper        Hex/Summ       24%        N/A       24%         5
 Lehudib's Crystal Spear  Conj/Erth      33%        10d9      24%         8
 Eringya's Noxious Bog    Tmut/Pois      12%        N/A       32%         6
 Hydra Form               Tmut           12%        N/A       77%         6
 Shadow Creatures         Summ           N/A        N/A       77%         6
 Statue Form              Tmut/Erth      16%        N/A       77%         6
 Malign Gateway           Summ/Tloc      12%        N/A       99%         7
 Summon Hydra             Summ           12%        N/A       99%         7
 Discord                  Hex            12%        N/A       100%        8
 Shatter                  Erth           12%        3d13*     100%        9


Dungeon Overview and Level Annotations

Branches:
Dungeon (15/15)            Temple (1/1) D:5            Lair (6/6) D:9
 Shoals (4/4) Lair:2       Spider (4/4) Lair:2        Slime (1/5) Lair:5
    Orc (2/2) D:9             Elf (3/3) Orc:2        Vaults (5/5) D:13
  Crypt (0/3) Vaults:2     Depths (2/5) D:15

Altars:
Ashenzari
Cheibriados
Dithmenos
Elyvilon
Fedhas
Gozag
Hepliaklqana
Kikubaaqudgha
Makhleb
Nemelex Xobeh
Okawaru
Qazlal
Ru
Sif Muna
Trog
Uskayaw
Vehumet
Wu Jian
Xom
Yredelemnul
Zin
The Shining One
Beogh

Shops:
D:7 [   Orc:2 *::[(   Elf:2 [   Shoals:4 (   Vaults:1 =   Depths:2 ==:

Portals:
Hell: Depths:1

Annotations:
Elf:2 4 runed translucent doors
Depths:2 Bai Suzhen


Innate Abilities, Weirdness & Mutations

You can be seen from farther away. (+LOS)
You are amphibious.
You cover ground slowly.
You can hop long distances.
You are very clumsy. (Dex -4)
Your body sometimes deteriorates upon taking damage.


Message History

Something hits you!
* * * LOW HITPOINT WARNING * * *
Something bites you.
* * * LOW HITPOINT WARNING * * *
Something draws strength from your injuries!
You can move again.
Unknown command.
Okay, then.
You feel much better. Something hits you!!
* * * LOW HITPOINT WARNING * * *
Something bites you.
* * * LOW HITPOINT WARNING * * *
You feel much better. You block something's attack.
Something bites you but does no damage. Something hits you!!
* * * LOW HITPOINT WARNING * * *
Your body deteriorates!
You feel weakened. Something bites you but does no damage.
Magic courses through your body. Something hits you!!
* * * LOW HITPOINT WARNING * * *
Something bites you but does no damage. Magic courses through your body.
You block something's attack. x2
You hear some strange, mumbled words.
Something tries to affect you, but you resist.
Casting: Absolute Zero (dangerous; 11% risk of failure)
Confirm with . or Enter, or press ? or * to list all spells.
Casting: Absolute Zero (dangerous; 11% risk of failure)
Press: ? - help, Dir - look around, f - activate You feel a surge of power!
You miscast Absolute Zero.
You are very lightly contaminated with residual magic.
Heat is drained from your body! You resist.
* * * LOW HITPOINT WARNING * * *
Something barely misses you. Something bites you.
* * * LOW HITPOINT WARNING * * *
Something draws strength from your injuries!
Casting: Absolute Zero (dangerous; 11% risk of failure)
Confirm with . or Enter, or press ? or * to list all spells.
You draw magical energy from your own body!
You hear some strange, mumbled words.
You suddenly lose the ability to move!
Something hits you!!
You die...

#.##..##..#.# #..≈≈≈≈.[#..
#.#..####.#.# #..≈≈≈≈..#.. #)..##
#.#.# #.≈≈≈≈≈≈.#.. #..#### #.#.#
#..≈≈≈≈..#.. ###.....###.#.#
#.≈..≈≈≈.#..
###........##...###..≈≈≈≈..###
##....................≈≈≈≈P...#
#...≈≈≈≈≈...###..###...≈≈.....#
##..≈≈∩##≈≈...{@.......≈≈≈≈≈...#
##...≈#####≈...###>##...≈≈≈≈....#
#....≈# #≈...#.8.....≈.≈≈≈≈...#
.....≈#####≈...#.#).#.(..≈≈≈≈....
.....≈...##≈...)........≈≈≈≈≈....
##...≈#####≈...#.#..#..≈.≈≈≈.....
.....≈≈##∩≈≈.....#..#...≈≈≈≈.≈...
##....≈≈≈≈≈.........#.#..≈≈≈≈≈≈..
##................##.#..≈≈≈≈≈≈..


There were no monsters in sight!

Vanquished Creatures
  Sojobo (Vaults:2)
  The ghost of Ugguttuj the Peltast, a veteran DrWn of Okawaru (Vaults:4)
  Margery (Vaults:2)
  2 golden dragons
  Nikola (Spider:2)
  Jorgrun (Spider:2)
  Asterion (Vaults:2)
  A lich (Vaults:5)
  3 deep elf blademasters
  2 deep elf master archers (Elf:3)
  A titan (Depths:1)
  5 sphinxes
  Gastronok (D:10)
  Roxanne (D:15)
  A revenant (Vaults:2)
  9 tengu reavers
  Donald (Elf:3)
  2 storm dragons (Vaults:5)
  15 vault wardens
  9 deep elf sorcerers
  6 fire giants
  An iron dragon (Depths:1)
  5 ghost moths
  5 emperor scorpions
  3 orc warlords
  6 frost giants
  The ghost of robertstho the Eclecticist, a journeyman DjFE (Orc:1)
  A ghoul (Vaults:2)
  17 very ugly things
  5 deep elf elementalists (Elf:3)
  4 war gargoyles
  13 ironbound preservers
  A quicksilver ooze (shapeshifter) (Depths:1)
  A reaper (Abyss:2)
  9 stone giants
  5 deep elf demonologists
  A vampire knight (Vaults:2)
  Azrael (Elf:1)
  A spark wasp (Spider:4)
  A dire elephant (Vaults:4)
  3 entropy weavers
  3 crystal guardians
  9 deep elf annihilators
  6 deep elf death magi
  4 merfolk javelineers
  12 merfolk impalers
  2 fire dragons
  9 ettins
  Josephine (D:11)
  4 deep elf high priests
  6 great orbs of eyes
  3 ironbound thunderhulks
  4 boulder beetles
  8 yaktaur captains
  3 rakshasas (Depths:1)
  An ogre mage (Vaults:1)
  13 hydras
  3 ice dragons (Depths:1)
  3 peacekeepers
  32 vault guards
  17 ironbound frosthearts
  An anaconda (shapeshifter) (Vaults:5)
  2 death knights
  3 merfolk aquamancers
  4 merfolk avatars
  2 spriggan air magi (Depths:1)
  Erica (D:8)
  25 centaur warriors
  3 satyrs
  4 catoblepae
  14 dancing weapons
  An alligator snapping turtle (Shoals:4)
  An alligator (Lair:4)
  A tengu warrior (Depths:1)
  4 deep troll earth magi (Depths:1)
  6 deep troll shamans (Depths:1)
  4 ironbound beastmasters
  2 shock serpents (shapeshifter)
  19 two-headed ogres
  A vampire mage (Depths:1)
  2 spriggan berserkers
  8 orc high priests
  6 iron trolls
  A soul eater (Abyss:2)
  9 deep elf knights
  The ghost of porpoise the Destroyer, a novice DECj of Vehumet (D:9)
  2 spriggans (Depths:2)
  5 hell knights
  12 sea snakes
  6 skeletal warriors
  43 deep trolls
  A storm dragon skeleton (Depths:1)
  A glowing orange brain (Depths:1)
  22 deep elf archers
  8 lindwurms
  24 deep elf pyromancers
  11 orc knights
  Pikel (D:3)
  19 ironbound convokers
  2 phantasmal warriors
  6 necromancers
  5 orc sorcerers
  21 deep elf zephyrmancers
  9 orb spiders
  35 harpies
  7 wizards
  44 ugly things
  19 manticores
  16 fauns
  9 cyclopes
  26 wolf spiders
  3 oklob plants
  6 moths of wrath
  A frost giant zombie (Depths:1)
  A salamander (shapeshifter) (D:14)
  8 black mambas
  7 elephants
  4 large abominations (Abyss:2)
  A frost giant skeleton (Vaults:4)
  8 merfolk sirens
  9 water nymphs
  15 vault sentinels
  31 cane toads
  An unseen horror (D:9)
  5 gargoyles
  3 kobold demonologists (D:11)
  3 rime drakes
  9 komodo dragons
  9 demonic crawlers
  Psyche (D:11)
  An ice devil (Abyss:2)
  33 yaktaurs
  3 tengu conjurers
  3 freezing wraiths
  A troll (shapeshifter) (Elf:2)
  34 merfolk
  An ancient zyme (Abyss:2)
  A jumping spider (shapeshifter) (D:11)
  9 trolls
  6 wind drakes
  A queen bee (Lair:2)
  28 jumping spiders
  A meliai (shapeshifter) (Vaults:5)
  3 tyrant leeches (Lair:6)
  A polar bear (Lair:4)
  16 hornets
  The ghost of Gunch the Magician, an amateur DjAE (D:5)
  22 blink frogs
  34 slime creatures
  A raiju (Abyss:2)
  6 dream sheep
  A sphinx simulacrum (Depths:1)
  7 snapping turtles
  A meliai zombie (D:11)
  2 shadows
  2 elf zombies (Vaults:1)
  14 water elementals
  A centaur simulacrum (D:14)
  62 redbacks
  Eustachio (D:4)
  3 air elementals
  27 tarantellas
  10 wraiths
  6 wyverns
  6 fire elementals
  39 yaks
  2 steam dragons
  8 wargs
  18 vampire mosquitoes
  5 basilisks
  Edmund (D:6)
  3 acid dragons
  17 water moccasins
  3 hell hounds (Elf:1)
  A sky beast (D:8)
  42 orc warriors
  A meliai simulacrum (D:13)
  2 ice beasts
  2 black bears
  A necrophage (D:5)
  21 centaurs
  22 wolves
  6 ogres
  2 phantoms
  5 kobold brigands
  2 human zombies (Vaults:4)
  4 earth elementals
  A gnoll sergeant (D:10)
  A human skeleton (Vaults:4)
  31 bullfrogs
  2 scorpions
  41 killer bees
  A vampire bat (Orc:1)
  7 wights
  7 electric eels
  8 howler monkeys
  A jelly (D:7)
  4 quasits (D:5)
  A bullfrog zombie (D:6)
  A centaur skeleton (D:6)
  8 hounds
  15 orc priests
  5 centaur zombies
  24 orc wizards
  Natasha (thrice) (D:2)
  An iguana (D:6)
  2 hell rats (Lair:2)
  2 killer bee zombies
  A howler monkey zombie (D:9)
  20 adders
  7 gnolls
  A shadow imp (Vaults:5)
  19 white imps
  An ufetubus (D:6)
  An adder skeleton (D:4)
  A dart slug (D:4)
  101 orcs
  15 bats
  15 endoplasms
  3 giant cockroaches
  3 goblins
  4 hobgoblins
  2 jackals (D:3)
  A quokka (D:3)
  5 ball pythons
  2 frilled lizards (D:3)
  A goblin skeleton (D:4)
  A hobgoblin zombie (D:4)
  23 kobolds
  2 kobold skeletons (D:4)
  A kobold zombie (D:4)
  2 orc skeletons (D:4)
  2 orc zombies
  4 rats
  2 bushes
1858 creatures vanquished.

Vanquished Creatures (others)
  Aizul (Shoals:1)
  2 merfolk impalers (Shoals:4)
  A wizard (Abyss:2)
  A merfolk (Shoals:4)
  An ufetubus (Abyss:2)
  An orc (Vaults:5)
  25 blocks of ice
  A bush (Lair:1)
  585 foxfires
  112 fungi
  386 plants
1116 creatures vanquished.

Grand Total: 2974 creatures vanquished

Notes
Turn   | Place    | Note
-------+----------+-------------------------------------------
     0 | D:1      | sahdkjhfkaj the Barachi Fire Elementalist began the quest
                  | for the Orb.
     0 | D:1      | Reached XP level 1. HP: 13/13 MP: 3/3
   470 | D:1      | Reached XP level 2. HP: 19/19 MP: 0/5
  1222 | D:2      | Reached XP level 3. HP: 25/25 MP: 3/6
  1285 | D:2      | Reached skill level 1 in Fighting
  1492 | D:2      | Noticed Natasha
  1508 | D:2      | Killed Natasha
  1509 | D:2      | Reached XP level 4. HP: 15/33 MP: 2/7
  1585 | D:2      | Noticed Natasha
  1591 | D:2      | Killed Natasha
  1730 | D:2      | Noticed Natasha
  1736 | D:2      | Killed Natasha
  2041 | D:2      | Reached XP level 5. HP: 38/38 MP: 8/8
  2234 | D:3      | Found a white marble altar of Elyvilon.
  2304 | D:3      | Learned a level 4 spell: Sticky Flame
  2943 | D:3      | Found a shimmering altar of Xom.
  3333 | D:3      | Found a glowing golden altar of the Shining One.
  3333 | D:3      | Found a glowing silver altar of Zin.
  3333 | D:3      | Found a white marble altar of Elyvilon.
  3387 | D:3      | Reached skill level 5 in Conjurations
  3923 | D:4      | Found a burning altar of Makhleb.
  3929 | D:4      | Found a stormy altar of Qazlal.
  3931 | D:4      | Found a sparkling altar of Nemelex Xobeh.
  4042 | D:4      | Reached XP level 6. HP: 44/44 MP: 5/9
  4102 | D:4      | Found a glowing golden altar of the Shining One.
  4373 | D:4      | Noticed a black bear
  4646 | D:4      | Killed a black bear
  4647 | D:4      | Reached skill level 5 in Fire Magic
  4898 | D:4      | Noticed Pikel
  4945 | D:3      | Killed Pikel
  4946 | D:3      | Reached XP level 7. HP: 9/50 MP: 3/10
  5375 | D:4      | Identified the ring of Bysk {rF+ Str+2}
  5608 | D:4      | Noticed Eustachio
  5618 | D:4      | Killed Eustachio
  5619 | D:4      | Reached XP level 8. HP: 49/56 MP: 3/11
  5759 | D:4      | You fall into a shaft and drop 2 floors!
  5789 | D:6      | Noticed Edmund
  5798 | D:6      | Killed Edmund
  5990 | D:6      | Learned a level 5 spell: Fireball
  6220 | D:5      | Entered Level 5 of the Dungeon
  6267 | D:5      | Found a staircase to the Ecumenical Temple.
  6354 | Temple   | Entered the Ecumenical Temple
  6495 | Temple   | Became a worshipper of Vehumet
  6715 | D:5      | Reached skill level 5 in Spellcasting
  6949 | D:5      | Found a transporter.
  6952 | D:5      | Noticed Gunch's ghost (amateur DjAE)
  6967 | D:5      | Found a transporter.
  7049 | D:5      | Reached XP level 9. HP: 56/61 MP: 7/16
  7594 | D:6      | Reached * piety under Vehumet
  7594 | D:6      | Offered knowledge of Sandblast by Vehumet.
  7894 | D:6      | Found an iron altar of Okawaru.
  8004 | D:6      | Reached skill level 5 in Fighting
  8552 | D:6      | Found the +4 moon troll leather armour {Spirit, Regen++
                  | MP+5}
  8800 | D:7      | Found a sacrificial altar of Ru.
  9468 | D:7      | Found Jievot's Armour Shop.
 10152 | D:8      | Reached ** piety under Vehumet
 10152 | D:8      | Offered knowledge of Shock by Vehumet.
 10266 | D:7      | Reached skill level 10 in Conjurations
 10266 | D:7      | Reached XP level 10. HP: 76/76 MP: 4/17
 10743 | D:8      | Reached skill level 10 in Fire Magic
 11340 | D:8      | Noticed a two-headed ogre
 11344 | D:8      | Killed a two-headed ogre
 11548 | D:8      | Noticed Erica
 11666 | D:8      | Killed Erica
 11761 | D:8      | Found a broken altar of Ashenzari.
 11913 | D:8      | Identified the +11 long sword of Extremism {protect, rN+
                  | Dex+4}
 12183 | D:9      | Found a stormy altar of Qazlal.
 12225 | D:9      | Found a shimmering altar of Xom.
 12392 | D:9      | Offered knowledge of Stone Arrow by Vehumet.
 12726 | D:9      | Found a staircase to the Orcish Mines.
 12734 | D:9      | Reached *** piety under Vehumet
 12814 | D:9      | Found the +14 obsidian axe {vorpal, *Drain +Fly SInv}
 13020 | D:9      | Offered knowledge of Airstrike by Vehumet.
 13154 | D:9      | Found a staircase to the Lair.
 13158 | D:9      | Learned a level 2 spell: Blink
 13253 | D:9      | Reached XP level 11. HP: 70/81 MP: 15/21
 13562 | D:9      | Found a runed translucent gate.
 13562 | D:9      | Found a runed translucent gate.
 13562 | D:9      | Found an opulent altar of Gozag.
 13562 | D:9      | Noticed a centaur warrior
 13563 | D:9      | Found a runed translucent gate.
 13563 | D:9      | Noticed porpoise's ghost (novice DECj)
 13600 | D:10     | Entered Level 10 of the Dungeon
 13600 | D:10     | Noticed a two-headed ogre
 13612 | D:10     | Noticed Gastronok
 13640 | D:10     | Killed Gastronok
 13641 | D:10     | Reached skill level 5 in Dodging
 13953 | Lair:1   | Entered Level 1 of the Lair of Beasts
 13953 | Lair:1   | Noticed an oklob plant
 13958 | Lair:1   | Killed an oklob plant
 14547 | Lair:1   | Reached **** piety under Vehumet
 14579 | Lair:1   | Offered knowledge of Ignite Poison by Vehumet.
 14862 | Lair:1   | Reached XP level 12. HP: 88/88 MP: 6/24
 15810 | Lair:1   | Reached skill level 1 in Evocations
 16161 | Lair:2   | Found a staircase to the Shoals.
 16218 | Lair:2   | Found a hole to the Spider Nest.
 16646 | Lair:2   | Noticed a catoblepas
 16650 | Lair:2   | Killed a catoblepas
 16651 | Lair:2   | Reached skill level 5 in Evocations
 17079 | Lair:2   | Identified a scroll of acquirement
 17079 | Lair:2   | Acquired a staff of conjuration
 18028 | Lair:3   | Noticed a six-headed hydra
 18033 | Lair:3   | Killed a six-headed hydra
 18073 | Lair:3   | Noticed a four-headed hydra
 18076 | Lair:3   | Killed a four-headed hydra
 18270 | Lair:3   | Gained mutation: You can hop long distances. [Barachi
                  | growth]
 18270 | Lair:3   | Reached XP level 13. HP: 93/93 MP: 9/26
 18593 | Lair:3   | Reached skill level 10 in Spellcasting
 19752 | Lair:4   | Reached skill level 1 in Ice Magic
 19875 | Lair:4   | Reached ***** piety under Vehumet
 19876 | Lair:4   | Reached skill level 5 in Ice Magic
 19958 | Lair:4   | Offered knowledge of Olgreb's Toxic Radiance by Vehumet.
 20868 | Lair:4   | Found the +5 sword of Power {vorpal}
 22033 | Lair:5   | Found a staircase to the Slime Pits.
 22132 | Lair:5   | Reached skill level 10 in Ice Magic
 22132 | Lair:5   | Reached XP level 14. HP: 100/100 MP: 18/29
 22868 | Lair:6   | Entered Level 6 of the Lair of Beasts
 22882 | Lair:6   | Acquired a +0 buckler of cold resistance
 24039 | Lair:6   | Found an ancient bone altar of Kikubaaqudgha.
 24526 | Slime:1  | Entered Level 1 of the Pits of Slime
 24578 | Lair:5   | Offered knowledge of Starburst by Vehumet.
 24600 | Lair:5   | Learned a level 6 spell: Starburst
 25485 | Lair:6   | Identified the +5 leather armour of an ossuary {rF+}
 25571 | Lair:6   | Learned a level 8 spell: Ignition
 26689 | D:11     | Noticed Josephine
 26692 | D:11     | Killed Josephine
 26722 | D:11     | Reached skill level 5 in Stealth
 26837 | D:11     | Identified the +3 robe of Ebbamoom {Str+2 Dex+3}
 26903 | D:10     | Reached XP level 15. HP: 62/108 MP: 1/30
 27175 | D:11     | Found a burning altar of Makhleb.
 27603 | D:11     | Identified a ring of Okkavv Jidd {rC+++ EV+4 Str-4 Int+3}
 28084 | D:11     | Noticed Psyche
 28087 | D:11     | Killed Psyche
 28091 | D:11     | Identified Sif Muna's Compendium of Creation and Flames
 28107 | D:11     | Learned a level 2 spell: Sublimation of Blood
 28450 | D:12     | Offered knowledge of Ozocubu's Refrigeration by Vehumet.
 28484 | D:12     | Learned a level 7 spell: Ozocubu's Refrigeration
 28567 | D:12     | Reached skill level 15 in Ice Magic
 31296 | D:13     | Found a broken altar of Ashenzari.
 31326 | D:13     | You fall into a shaft and drop 2 floors!
 31326 | D:15     | Entered Level 15 of the Dungeon
 32074 | D:13     | Found a gate to the Vaults.
 32856 | D:14     | Identified the +9 mace of Valiance {speed, rF- rN++ Str+4
                  | Int+2}
 33519 | D:15     | Found a staircase to the Depths.
 33519 | D:15     | Noticed a fire giant
 33799 | D:15     | Identified Roxanne's Almanac of Shape Shifting
 33799 | D:15     | Noticed Roxanne
 33840 | D:15     | Reached XP level 16. HP: 117/120 MP: 31/31
 33843 | D:15     | Reached skill level 10 in Fighting
 34485 | Orc:1    | Entered Level 1 of the Orcish Mines
 34512 | Orc:1    | Offered knowledge of Freezing Cloud by Vehumet.
 34896 | Orc:1    | Found a transporter.
 34902 | Orc:1    | Found a bloodstained altar of Trog.
 34914 | Orc:1    | Found a transporter.
 34916 | Orc:1    | Noticed robertstho's ghost (journeyman DjFE)
 35259 | Orc:2    | Entered Level 2 of the Orcish Mines
 35568 | Orc:2    | Reached skill level 10 in Dodging
 35596 | Orc:2    | Found Gepsom's Antique Armour Shop.
 35760 | Orc:2    | Found Noun Veu's Book Shoppe.
 36001 | Orc:2    | Paralysed by an orc sorcerer for 4 turns
 36005 | Orc:2    | Found Atibubis's General Store.
 36011 | Orc:2    | Offered knowledge of Iskenderun's Battlesphere by Vehumet.
 36399 | Orc:2    | Found a staircase to the Elven Halls.
 36597 | Orc:2    | Found Hobb's Book Shop.
 36717 | Orc:2    | Found Biyq's Antique Weapon Emporium.
 36958 | Spider:1 | Entered Level 1 of the Spider Nest
 37311 | Spider:1 | Reached skill level 5 in Air Magic
 38174 | Spider:1 | Offered knowledge of Eringya's Noxious Bog by Vehumet.
 38544 | Spider:2 | Reached skill level 15 in Conjurations
 38747 | Spider:2 | Noticed Nikola
 38827 | Spider:2 | Noticed Jorgrun
 38831 | Spider:2 | Killed Jorgrun
 38834 | Spider:2 | Acquired a book of Frost
 39072 | Spider:2 | Reached XP level 17. HP: 128/128 MP: 19/32
 39322 | Shoals:1 | Entered Level 1 of the Shoals
 39344 | Shoals:1 | Found the -2 hat of the Alchemist {rElec rPois rF+ rC+ rN+
                  | Will+ rMut rCorr}
 39536 | Shoals:1 | Noticed Aizul
 39571 | Shoals:1 | Killed Aizul
 43469 | Shoals:3 | Reached skill level 10 in Stealth
 44104 | Shoals:4 | Entered Level 4 of the Shoals
 44250 | Shoals:4 | Offered knowledge of Lehudib's Crystal Spear by Vehumet.
 44251 | Shoals:4 | Reached XP level 18. HP: 78/134 MP: 35/35
 44256 | Shoals:4 | Reached ****** piety under Vehumet
 45311 | Shoals:4 | Got a barnacled rune of Zot
 45321 | Shoals:4 | Found Dycexutu's Weapon Shop.
 46474 | Vaults:1 | Entered Level 1 of the Vaults
 46646 | D:5      | Killed Gunch's ghost
 46816 | D:9      | Killed porpoise's ghost
 47167 | Orc:1    | Killed robertstho's ghost
 47265 | Orc:1    | Identified the +3 buckler "Beboch" {Str+5}
 47944 | Vaults:1 | Found Saicuobi's Jewellery Shoppe.
 47948 | Vaults:1 | Reached skill level 15 in Spellcasting
 48198 | Vaults:1 | Reached XP level 19. HP: 89/140 MP: 18/38
 48198 | Vaults:1 | Offered knowledge of Fire Storm by Vehumet.
 48198 | Vaults:1 | Offered knowledge of Chain Lightning by Vehumet.
 48198 | Vaults:1 | Offered knowledge of Absolute Zero by Vehumet.
 48349 | Vaults:1 | Learned a level 9 spell: Absolute Zero
 48607 | Vaults:1 | Identified the +3 spear of the Establishment {pain, Will+}
 50197 | Vaults:2 | Noticed Sojobo
 50202 | Vaults:2 | Reached skill level 1 in Shields
 50203 | Vaults:2 | Killed Sojobo
 50408 | Vaults:2 | Reached skill level 5 in Shields
 51598 | Vaults:2 | Found a staircase to the Crypt.
 52041 | Vaults:2 | Learned a level 8 spell: Chain Lightning
 52233 | Vaults:2 | Reached XP level 20. HP: 147/147 MP: 34/41
 52579 | Vaults:2 | Noticed Margery
 52586 | Vaults:2 | Killed Margery
 52989 | Vaults:2 | Noticed Asterion
 52993 | Vaults:2 | Killed Asterion
 53357 | Vaults:3 | Reached skill level 10 in Air Magic
 55938 | Vaults:3 | Identified the Tome of Air
 56958 | Vaults:4 | Reached XP level 21. HP: 146/149 MP: 20/42
 57081 | Vaults:4 | Reached skill level 15 in Air Magic
 57511 | Vaults:4 | Identified the +6 spear "Adicet" {drain, rN++ Int+2 SInv
                  | Stlth+}
 57604 | Vaults:4 | Found a large runed translucent door.
 57605 | Vaults:4 | Found a large runed translucent door.
 57609 | Vaults:4 | Noticed Ugguttuj's ghost (veteran DrWn)
 59603 | Vaults:4 | Killed Ugguttuj's ghost
 59945 | Elf:1    | Entered Level 1 of the Elven Halls
 60144 | Elf:1    | Learned a level 6 spell: Conjure Ball Lightning
 60936 | Orc:2    | Bought a book of Power for 675 gold pieces
 60946 | Orc:2    | Learned a level 7 spell: Orb of Destruction
 61497 | Elf:1    | Noticed Azrael
 61499 | Elf:1    | Killed Azrael
 62088 | Elf:2    | Found Wupnuu's Antique Armour Emporium.
 62661 | Elf:2    | Reached XP level 22. HP: 163/163 MP: 23/43
 62763 | Elf:2    | Found a large runed translucent door.
 62763 | Elf:2    | Found a large runed translucent door.
 62848 | Elf:2    | Found a large runed translucent door.
 62848 | Elf:2    | Found a large runed translucent door.
 63116 | Elf:3    | Entered Level 3 of the Elven Halls
 63116 | Elf:3    | Noticed Donald
 63118 | Elf:3    | Killed Donald
 63797 | Elf:3    | Identified the ring of the Traitor {rElec rF+ AC+4 Str+4}
 65010 | Elf:3    | Identified the +0 great mace of Anxiety {drain, Dex+3}
 65034 | Elf:3    | Reached skill level 15 in Fighting
 65238 | Elf:3    | Identified Norghaine's Disquisition on Ashen Translocation
 67466 | Spider:2 | Killed Nikola
 70249 | Spider:4 | Entered Level 4 of the Spider Nest
 70258 | Spider:4 | Reached XP level 23. HP: 188/188 MP: 44/44
 72023 | Spider:4 | Paralysed by a hornet for 1 turns
 72039 | Spider:4 | Paralysed by a hornet for 2 turns
 72683 | Spider:4 | Got a gossamer rune of Zot
 72969 | D:15     | Killed Roxanne
 73228 | Depths:1 | Entered Level 1 of the Depths
 73653 | Vaults:5 | Entered Level 5 of the Vaults
 73656 | Vaults:5 | Noticed a golden dragon
 73800 | Vaults:5 | Noticed a golden dragon
 73806 | Vaults:5 | Killed a golden dragon
 73820 | Vaults:5 | Identified the ring of the Doge {Ice Str+3}
 74131 | Vaults:5 | Cast into level 2 of the Abyss (a deep elf demonologist)
 74192 | Abyss:2  | Found a basalt altar of Yredelemnul.
 74368 | Vaults:5 | Escaped the Abyss
 74405 | Vaults:5 | Got a silver rune of Zot
 74491 | Vaults:4 | HP: 6/182 [ettin/+0 dire flail (9)]
 74531 | Vaults:4 | Reached skill level 1 in Necromancy
 75409 | Depths:1 | Found a gateway to Hell.
 75726 | Depths:1 | Reached XP level 24. HP: 204/204 MP: 31/45
 76056 | D:15     | Gained mutation: You are clumsy. (Dex -2) [mutagenic glow]
 76064 | D:14     | Gained mutation: Your body sometimes deteriorates upon
                  | taking damage. [mutagenic glow]
 76075 | D:14     | Gained mutation: You are very clumsy. (Dex -4) [mutagenic
                  | glow]
 78325 | Depths:1 | Identified the amulet "Tolyorgh" {Reflect Int+4 Dex-2 SH+5}
 78570 | Depths:2 | Found Agakonk's Jewellery Shop.
 78574 | Depths:2 | Found Koyd's Jewellery Shop.
 78577 | Depths:2 | Found Efiusadi's Book Emporium.
 78591 | Depths:2 | Learned a level 3 spell: Ozocubu's Armour
 78620 | Depths:2 | Noticed Bai Suzhen
 78652 | Depths:1 | Paralysed by something for 7 turns
 78659 | Depths:1 | HP: 9/204 [something (2)]
 78661 | Depths:1 | HP: 4/204 [something (8)]
 78664 | Depths:1 | Paralysed by something for 2 turns
 78664 | Depths:1 | Mangled by a vampire knight

Illustrated notes

Levels and vault maps discovered:
D:1:      erik_arrival_blinker_ship, layout_basic
D:2:      layout_basic, uniq_natasha
D:3:      layout_loops_corners, good_gods_mini_temple, lemuel_crystal_altar,
          elyvilon_altar_5
D:4:      layout_basic, minitemple, nicolae_tso_besieged_by_evil, uniq_pikel,
          uniq_eustachio
D:5:      layout_gridville, temple_fountains, gammafunk_ghost_stat_death
D:6:      layout_loops_ring, okawaru_ov_weapons_minmay, serial_aquarium,
          aquarium_bridge_square [aquarium_subvault_wall,
          aquarium_subvault_bridge, aquarium_subvault_bridge,
          aquarium_subvault_window], aquarium_window_1, aquarium_window_1,
          aquarium_window_fake, aquarium_view_2d, aquarium_view_2d,
          aquarium_balcony_3b, aquarium_pool_S, grunt_ministairs_13, uniq_edmund
D:7:      lemuel_upstairs_altar, layout_gridville, general_overflow_altar,
          serial_shops, shop
D:8:      layout_cave_pools, lemuel_coloured_pillars_altar,
          nicolae_water_bricks, uniq_erica
D:9:      layout_loops_corners, lair_entry_dummy, hiddenorc2_lemuel,
          enter_bailey_2, basic_altar, ebering_ghost_gozag,
          nicolae_qazlal_general_emergency
D:10:     layout_rooms, uniq_gastronok
D:11:     minmay_the_grid_plus [minmay_the_grid_medium_cups,
          minmay_the_grid_tri_star, minmay_the_grid_garden,
          minmay_the_grid_minigrid_small,
          minmay_the_grid_prize_four_corners_diamond_b], layout_rooms,
          makhleb_altar_promises_db, uniq_josephine, uniq_psyche
D:12:     layout_basic
D:13:     layout_layer_cave, david_vaults_4, serial_ice, serial_ice_e,
          serial_ice_h, serial_ice_c, serial_ice_b, serial_ice_o,
          evilmike_ruin_ashenzari
D:14:     layout_rooms, lightli_corner_chamber
D:15:     grunt_enter_depths_giant_problem, layout_basic, uniq_roxanne
Temple:   minmay_temple_bridge_abc
Lair:1:   minmay_lair_venomous_thicket, layout_misc_corridors, serial_forest,
          infiniplex_forest_straight_5, infiniplex_forest_corner_1,
          infiniplex_forest_corner_2, infiniplex_forest_straight_3,
          infiniplex_forest_clump_small, infiniplex_forest_clump_diagonal,
          infiniplex_forest_lined_ring, dpeg_stationary_puzzle
Lair:2:   regret_index_wax_grids, layout_regular_city, shoals_dummy_entry,
          spider_nest_entry_web_field, hibernation_bobbens
Lair:3:   layout_cave_pods, nicolae_lair_grove_arrangements,
          cheibrodos_lair_caveside_slide, grunt_megastairs_1
Lair:4:   nzn_winding_woodlands_cross [nzn_winding_woodlands_5x15_sawtooth,
          nzn_winding_woodlands_5x15_jagged, nzn_winding_woodlands_5x15_garden,
          nzn_winding_woodlands_5x15_cabin,
          nzn_winding_woodlands_15x15_thick_spiral], layout_regular_city
Lair:5:   layout_concentric_octagons, slime_dummy, serial_bayou_shore_b,
          minmay_lair_oklob_chamber
Lair:6:   minmay_lair_end_frog_pond, layout_cave_pods,
          portal_ice_cave_entry_imps, basic_altar
Shoals:1: layout_shoals, uniq_aizul
Shoals:2: layout_shoals
Shoals:3: layout_shoals
Shoals:4: shoals_end_simple, layout_shoals, serial_shops, shop
Spider:1: layout_spider_delve, guppyfry_hornet_nest
Spider:2: layout_spider_delve, hangedman_spider_tarantella_strand, uniq_nikola,
          uniq_jorgrun
Spider:3: layout_chambers
Spider:4: spider_rune_water
Slime:1:  layout_caves
Orc:1:    layout_caves, gammafunk_ghost_wrathful_warriors, roderic_batcave
Orc:2:    grunt_orc_gardens, layout_caves, grunt_orc_garden, grunt_orc_garden,
          grunt_orc_garden, grunt_orc_garden, serial_shops, shop,
          amcnicky_altar_gilded
Elf:1:    cheibrodos_elf_bladeworks, layout_geoelf_diagonals,
          hangedman_elf_represent, library_closet, feat_on_display, uniq_azrael
Elf:2:    layout_geoelf_diagonals, serial_shops, shop_fountains
Elf:3:    grunt_elf_hall_branching, layout_onion_city, uniq_donald
Vaults:1: v_rooms_6, vaults_dpeg_cross, nicolae_vaults_ring_of_whatevers,
          v_misc_29, vaults_dpeg_hooks, vaults_mumra_chevron_long,
          ontoclasm_vaults_tryst, ontoclasm_vaults_spin, layout_vaults_big_room,
          serial_shops, nicolae_shop_waterfront
Vaults:2: nicolae_vaults_minivaults, grunt_vaults_hallway_long,
          minmay_crypt_entry_simple_walls, ontoclasm_vaults_ring_small,
          ontoclasm_vaults_bender, v_misc_29, nicolae_vaults_little_squares_4,
          grunt_vaults_twisty, v_misc_2, vaults_mumra_lcd,
          layout_vaults_omnicross, uniq_sojobo, uniq_asterion, uniq_margery
Vaults:3: hangedman_vaults_nails, nicolae_vaults_network_square, v_misc_9,
          v_misc_19, hangedman_vaults_impose, nicolae_vaults_network_barrier,
          nicolae_vaults_little_squares_1, hangedman_vaults_capsules,
          v_alt_pattern_3, nicolae_vaults_octagons, vaults_mumra_chevron,
          ontoclasm_vaults_misaligned, ontoclasm_vaults_gateway, v_misc_9,
          layout_vaults_omnibox
Vaults:4: ebering_vaults_ghost_disaster_area, v_misc_5, vaults_room_door_ring,
          v_misc_9, nicolae_vaults_back_hallway, v_pattern_2, st_octagons_2,
          v_misc_5, nicolae_vaults_network_star, grunt_vaults_funnel,
          ontoclasm_vaults_misaligned, ontoclasm_vaults_ring_large,
          layout_vaults_ring
Vaults:5: serial_shops, uniq_xtahua
Depths:1: grunt_bent_corner, layout_basic, hangedman_coc_ice_floe,
          chequers_big_river, serial_sigils_hangedman_scratch,
          minmay_misc_feat_chi, kennysheep_generic_room_10
Depths:2: cheibrodos_spurs, layout_cave_pools, enter_ziggurat_f,
          hangedman_geh_valley, bh_walls_and_bars, minmay_staircase_statues,
          minmay_shop_grove, firewood_loft, uniq_bai_suzhen

Skill      XL: |  1  2  3  4  5  6  7  8  9 10 11 12 13 14 15 16 17 18 19 20 21 22 23 24 |
---------------+-------------------------------------------------------------------------+-----
Conjurations   | 2 3 4 5 7 8 9 10 11 12 13 14 15 17 18 19 20 | 20.0
Fighting       | 2 6 7 9 10 11 17 20 | 20.0
Fire Magic     | 4 6 7 9 11 12 13 14 | 14.0
Spellcasting   | 5 7 8 9 11 13 15 17 18 | 18.0
Dodging        | 3 6 7 8 10 | 10.0
Stealth        | 3 6 7 9 10 | 10.0
Evocations     | 6 |  6.0
Ice Magic      | 10 14 16 19 | 19.0
Air Magic      | 5 7 14 17 | 17.9
Shields        | 5 |  5.0
Necromancy     | 1 |  1.0

Action                   |  1- 3 |  4- 6 |  7- 9 | 10-12 | 13-15 | 16-18 | 19-21 | 22-24 || total
-------------------------+-------+-------+-------+-------+-------+-------+-------+-------++-------
Melee: Dagger            |    16 |   143 |    38 |     1 |       |       |       |       ||   198
       Long sword        |       |       |       |   148 |       |       |       |       ||   148
       Staff             |       |       |       |    60 |   300 |    88 |   207 |   134 ||   789
 Cast: Foxfire           |    68 |   104 |   176 |     1 |     6 |       |       |       ||   355
       Sticky Flame      |       |     6 |    16 |    24 |    16 |       |       |       ||    62
       Fireball          |       |       |    32 |   175 |   201 |       |     5 |       ||   413
       Starburst         |       |       |       |       |   108 |     2 |    20 |     9 ||   139
       Ignition          |       |       |       |       |     1 |       |     6 |     5 ||    12
       Ozocubu's Refrige |       |       |       |       |    84 |   424 |   440 |   442 ||  1390
       Chain Lightning   |       |       |       |       |       |       |    22 |    18 ||    40
       Absolute Zero     |       |       |       |       |       |       |     7 |    18 ||    25
       Orb of Destructio |       |       |       |       |       |       |    10 |    16 ||    26
       Sublimation of Bl |       |       |       |       |       |       |       |     2 ||     2
 Abil: Hop               |       |     3 |       |     2 |     5 |     3 |     4 |     9 ||    26
Evoke: Wand              |       |       |       |       |     1 |    12 |     9 |    14 ||    36
       Tin of tremorston |       |       |       |       |       |     2 |     4 |     7 ||    13
       Condenser vane    |       |       |       |       |       |     3 |     1 |     4 ||     8
       Lightning rod     |       |       |       |       |       |       |     3 |     9 ||    12
  Use: Scroll            |       |     4 |     5 |    10 |     7 |    15 |     8 |    14 ||    63
       Potion            |       |     1 |       |       |       |     1 |     1 |     7 ||    10
 Stab: Sleeping          |       |     2 |     1 |       |       |       |       |       ||     3
       Distracted        |       |       |       |       |       |       |     1 |       ||     1
       Confused          |       |       |       |       |       |       |     1 |       ||     1
       Paralysed         |       |       |       |       |       |       |       |     1 ||     1
Armor: Robe              |     7 |    41 |    11 |       |       |       |       |       ||    59
       Troll leather arm |       |       |     6 |   183 |   198 |    60 |    88 |   186 ||   721
Dodge: Dodged            |    27 |   100 |    48 |   315 |   353 |   136 |   133 |   248 ||  1360
Block: Other             |       |       |     8 |   100 |    17 |       |       |       ||   125
       Reflection        |       |       |       |     5 |    13 |    22 |    22 |     9 ||    71
       Buckler           |       |       |       |       |   186 |   107 |   173 |   279 ||   745
       Rpst.: Long sword |       |       |       |    66 |       |       |       |       ||    66

Table legend: (Time is in decaauts)
 A = Elapsed time spent in this place.
 B = Non-inter-level travel time spent in this place.
 C = Inter-level travel time spent in this place.
 D = Time resting spent in this place.
 E = Time spent auto-exploring this place.
 F = Levels seen in this place.
 G = Mean time per level.
                   A        B        C        D        E       F      G
               +--------+--------+--------+--------+--------+-----+--------+
         Total |  85671 |  78574 |   7097 |   7545 |  60864 |  44 | 1947.1 |
       Dungeon |  27760 |  24577 |   3183 |   2347 |  19359 |  15 | 1850.7 |
        Temple |    194 |    134 |     60 |      0 |    132 |   1 |  194.0 |
          Lair |  14317 |  12907 |   1410 |   1943 |   9285 |   6 | 2386.2 |
        Shoals |   7499 |   7264 |    235 |    226 |   6354 |   4 | 1874.8 |
   Spider Nest |   7583 |   7250 |    333 |    732 |   5607 |   4 | 1895.8 |
    Slime Pits |      1 |      1 |      0 |      0 |      0 |   1 |    1.0 |
  Orcish Mines |   3164 |   2711 |    453 |    241 |   2068 |   2 | 1582.0 |
   Elven Halls |   7207 |   6840 |    367 |    848 |   5040 |   3 | 2402.3 |
        Vaults |  14129 |  13123 |   1006 |   1080 |  10239 |   5 | 2825.8 |
        Depths |   3557 |   3512 |     45 |     27 |   2753 |   2 | 1778.5 |
         Abyss |    256 |    256 |      0 |    100 |     25 |   1 |  256.0 |
               +--------+--------+--------+--------+--------+-----+--------+

Top non-repeatable levels by time:
Vaults:4: 4108 daAuts
Vaults:2: 3529 daAuts
     D:9: 3469 daAuts
Depths:1: 3384 daAuts
Vaults:1: 3253 daAuts
    D:13: 3109 daAuts
   Elf:3: 3011 daAuts
Vaults:3: 2967 daAuts
  Lair:2: 2905 daAuts
Spider:3: 2809 daAuts
  Lair:5: 2696 daAuts
  Lair:4: 2669 daAuts
     D:3: 2391 daAuts
  Lair:1: 2342 daAuts
Shoals:4: 2274 daAuts
